 Dungeon Crawl Stone Soup version 0.19-a0-1384-gbb462ca (webtiles) character file.

9702 Amnesiac the Bludgeoner (level 11, 0/165 HPs)
             Began as an Ogre Berserker on Sept 3, 2016.
             Was a High Priest of Trog.
             Slain by a yak (16 damage)
             ... on level 12 of the Dungeon on Sept 4, 2016.
             The game lasted 00:20:14 (8818 turns).

Amnesiac the Bludgeoner (Ogre Berserker)            Turns: 8818, Time: 00:20:15

Health: 0/165      AC:  4    Str: 33    XL:     11   Next: 50%
Magic:  11/11      EV: 14    Int:  4    God:    Trog [*****.]
Gold:   444        SH:  0    Dex: 12    Spells: 0 memorised, 10 levels left

rFire  . . .     SeeInvis +     n - +0 morningstar
rCold  . . .     Gourm    .     b - +0 animal skin
rNeg   . . .     Faith    .     (no shield)
rPois  .         Spirit   .     (helmet restricted)
rElec  .         Dismiss  .     D - +0 cloak
rCorr  .         Reflect  .     (gloves unavailable)
MR     +....     Harm     .     (boots unavailable)
Stlth  ..........               (no amulet)
                                q - ring of see invisible
                                i - +4 ring of strength

@: berserking, very quick
A: unfitting armour, dopey 1, frail 1, tough skin 1
a: Berserk, Trog's Hand, Brothers in Arms, Burn Spellbooks, Renounce Religion


You were on level 12 of the Dungeon.
You worshipped Trog.
Trog was extremely pleased with you.
You were not hungry.

You visited 1 branch of the dungeon, and saw 12 of its levels.

You collected 444 gold pieces.

Inventory:

Hand Weapons
 n - a +0 morningstar (weapon)
 u - a +1 giant spiked club
Armour
 b - a +0 animal skin (worn)
 x - a +0 large shield
 D - a +0 cloak (worn)
Jewellery
 i - a +4 ring of strength (left hand)
 m - an uncursed ring of protection from cold
 q - a ring of see invisible (right hand)
Wands
 k - a wand of acid (4/15)
 y - a wand of slowing (16/48)
 E - a wand of teleportation (5/9)
Scrolls
 d - 2 scrolls of identify
 e - 4 scrolls of magic mapping
 f - 3 scrolls of fog
 g - 3 scrolls of recharging
 j - 2 scrolls of remove curse
 w - a scroll of enchant weapon
 F - a scroll of teleportation
Potions
 l - a potion of magic {unknown}
 o - a potion of degeneration {unknown}
 s - a potion of haste {unknown}
 t - 2 potions of flight {unknown}
 v - a potion of invisibility {unknown}
 z - 2 potions of curing {unknown}
 A - a potion of might {unknown}
 B - 2 potions of brilliance {unknown}
 C - a potion of heal wounds {unknown}
Books
 p - a book of Battle

   Spells                             Type                      Level
   a - Infusion                       Charms                       1
   b - Shroud of Golubria             Charms/Translocation         2
   c - Song of Slaying                Charms                       2
   d - Spectral Weapon                Hexes/Charms                 3
   e - Regeneration                   Charms/Necromancy            3
   Trog disapproves of the use of such an item.
 r - a book of Battle

   Spells                             Type                      Level
   a - Infusion                       Charms                       1
   b - Shroud of Golubria             Charms/Translocation         2
   c - Song of Slaying                Charms                       2
   d - Spectral Weapon                Hexes/Charms                 3
   e - Regeneration                   Charms/Necromancy            3
   Trog disapproves of the use of such an item.
Comestibles
 a - 3 beef jerkies
 c - 5 bread rations
 h - 3 meat rations


   Skills:
 + Level 11.7 Fighting
 * Level 16.0 Maces & Flails
 + Level 8.5 Dodging


You had 10 spell levels left.
You didn't know any spells.

Dungeon Overview and Level Annotations

Branches:
Dungeon (13/15)            Temple (0/1) D:7          Vaults (0/5) D:13
   Lair: D:8-11         Orc: D:9-12

Altars:
Fedhas
Gozag
Hepliaklqana
Qazlal
Ru
Sif Muna
Xom
The Shining One

Shops:
D:7 (

Annotations:
D:10 Psyche


Innate Abilities, Weirdness & Mutations

You are too large for most types of armour.
You have tough skin. (AC +1)
You are dopey. (Int -2)
You are frail. (-10% HP)


Message History

You hit the yak but do no damage.
The yak is lightly wounded.
The yak gores you.
You bludgeon the yak!!
You kill the yak!
Trog accepts your kill.
You hit the yak.
The yak is lightly wounded.
The yak gores you!
* * * LOW HITPOINT WARNING * * *
You are too injured to fight recklessly!
You are too injured to fight recklessly!
You hit the yak.
The yak is lightly wounded.
The yak gores you!
* * * LOW HITPOINT WARNING * * *
A red film seems to cover your vision as you go berserk!
You feel yourself moving faster!
You feel mighty!
You feel somewhat more hungry. The yak gores you!
You die...

#.#..#.##
#.#.....
#.#..#.#
#....#.##
#.......+
#>...#†##
###.##†#
####Y#
#@# #.#
#.# ..#
###


You could see a yak.

Vanquished Creatures
  A hydra (D:9)
  A dancing weapon (D:13)
  An unseen horror (D:13)
  A hill giant (D:7)
  Joseph (D:9)
  A troll (D:9)
  Grinder (D:5)
  A two-headed ogre (D:13)
  A spriggan (D:8)
  Eustachio (D:5)
  12 yaks
  A hippogriff (D:9)
  2 water moccasins
  An orc warrior (D:9)
  6 ice beasts
  4 ogres
  2 necrophages
  A phantom (D:4)
  4 sky beasts
  A crocodile (D:9)
  A big kobold (D:8)
  4 centaurs
  4 giant frogs
  A water moccasin zombie (D:6)
  3 scorpions
  4 killer bees
  2 electric eels (D:10)
  A crimson imp (D:7)
  A centaur zombie (D:7)
  2 quasits (D:8)
  A giant frog zombie (D:13)
  5 hounds
  5 orc priests
  2 centaur skeletons
  A jelly (D:9)
  5 iguanas
  6 worker ants
  11 orc wizards
  3 killer bee zombies
  A hound skeleton (D:9)
  6 adders
  3 gnolls (D:7)
  A shadow imp (D:7)
  2 adder zombies
  2 adder skeletons
  2 giant geckos (D:3)
  34 orcs
  A ball python (D:5)
  A bat (D:3)
  A giant cockroach (D:5)
  3 goblins (D:1)
  3 hobgoblins
  13 jackals
  5 kobolds
  2 quokkas
  A giant gecko skeleton (D:9)
  6 giant newts
  A jackal skeleton (D:4)
  4 rats
198 creatures vanquished.

Notes
Turn   | Place    | Note
-------+----------+-------------------------------------------
     0 | D:1      | Amnesiac the Ogre Berserker began the quest for the Orb.
     0 | D:1      | Reached XP level 1. HP: 24/24 MP: 1/1
   104 | D:1      | Reached XP level 2. HP: 23/32 MP: 2/2
   266 | D:3      | Reached skill level 5 in Maces & Flails
   266 | D:3      | Reached XP level 3. HP: 26/39 MP: 3/3
   350 | D:3      | Reached XP level 4. HP: 19/49 MP: 4/4
   375 | D:3      | Reached skill level 6 in Maces & Flails
   375 | D:3      | Reached XP level 5. HP: 33/55 MP: 5/5
   559 | D:4      | Reached ** piety under Trog
   666 | D:4      | Found a stormy altar of Qazlal.
   685 | D:4      | Reached skill level 5 in Fighting
   833 | D:4      | Reached skill level 7 in Maces & Flails
   833 | D:4      | Reached XP level 6. HP: 66/66 MP: 6/6
  1031 | D:4      | Noticed a phantom
  1043 | D:4      | Killed a phantom
  1488 | D:5      | Entered Level 5 of the Dungeon
  1488 | D:5      | Noticed Grinder
  1492 | D:5      | Killed Grinder
  1492 | D:5      | Reached skill level 8 in Maces & Flails
  1492 | D:5      | Reached XP level 7. HP: 75/75 MP: 7/7
  1630 | D:5      | Reached skill level 9 in Maces & Flails
  1642 | D:5      | Gained mutation: You have sharp toenails. [mutagenic meat]
  1645 | D:5      | Gained mutation: You are frail. (-10% HP) [mutagenic meat]
  1648 | D:5      | Gained mutation: You are dopey. (Int -2) [mutagenic meat]
  1698 | D:5      | Found a shimmering altar of Xom.
  1821 | D:5      | Reached XP level 8. HP: 48/75 MP: 8/8
  2093 | D:5      | Reached *** piety under Trog
  2101 | D:5      | Reached skill level 10 in Maces & Flails
  2101 | D:5      | Reached skill level 5 in Dodging
  2986 | D:5      | Noticed Eustachio
  2994 | D:5      | Killed Eustachio
  2994 | D:5      | Reached skill level 11 in Maces & Flails
  3239 | D:6      | Reached XP level 9. HP: 69/86 MP: 9/9
  3725 | D:7      | Found Cecool's Weapon Shoppe.
  4032 | D:7      | Reached skill level 12 in Maces & Flails
  4574 | D:7      | Reached **** piety under Trog
  4641 | D:7      | Found a staircase to the Ecumenical Temple.
  4898 | D:7      | Found a blossoming altar of Fedhas.
  5056 | D:7      | Noticed a hill giant
  5070 | D:7      | Killed a hill giant
  5302 | D:8      | Reached skill level 13 in Maces & Flails
  5337 | D:8      | Reached XP level 10. HP: 95/99 MP: 10/10
  5627 | D:8      | Reached skill level 10 in Fighting
  5955 | D:8      | Found a sacrificial altar of Ru.
  6143 | D:9      | Noticed Joseph
  6163 | D:9      | Killed Joseph
  6163 | D:9      | Reached skill level 14 in Maces & Flails
  6661 | D:9      | Noticed a seven-headed hydra
  6710 | D:9      | Killed a seven-headed hydra
  6906 | D:9      | Found a hazy altar of Hepliaklqana.
  6995 | D:9      | Lost mutation: You have sharp toenails. [mutagenic meat]
  7009 | D:9      | Reached skill level 15 in Maces & Flails
  7016 | D:9      | Reached XP level 11. HP: 82/108 MP: 11/11
  7731 | D:9      | Reached ***** piety under Trog
  7756 | D:9      | Found a glowing golden altar of the Shining One.
  7758 | D:9      | Found an opulent altar of Gozag.
  7759 | D:9      | Found a deep blue altar of Sif Muna.
  8011 | D:10     | Entered Level 10 of the Dungeon
  8407 | D:10     | Noticed Psyche
  8468 | D:10     | You fall through a shaft for 3 floors!
  8468 | D:13     | Noticed an unseen horror
  8470 | D:13     | Noticed an enchanted long sword
  8473 | D:13     | Killed an unseen horror
  8484 | D:13     | Killed an enchanted long sword
  8682 | D:13     | Noticed an unseen horror
  8683 | D:13     | Found a gate to the Vaults.
  8808 | D:12     | Reached skill level 16 in Maces & Flails
  8818 | D:12     | Slain by a yak

Vault maps used:
D:1:      minmay_arrival_widening_spiral_wide
D:2:      first_bread
D:3:      nicolae_dithmenos_shadow_blocks
D:4:      lemuel_doored_altar
D:5:      xom_teletrap_fun, uniq_grinder, uniq_eustachio
D:6:      minmay_misc_feat_more_columns
D:7:      hangedman_cross_stitches, lemuel_round_altar, serial_shops,
          nicolae_shop_temple_entry_statues_fountains
D:8:      the_bakery, hangedman_decor_push, minivault_25,
          nicolae_ru_path_of_blood
D:9:      minitemple, minmay_ruined_shrine, uniq_joseph
D:10:     dpeg_lair_monsters, erik_orc_2, nicolae_wwwww, uniq_fannar,
          uniq_psyche
D:12:     serial_shops, shop, shop_fountains, shop, wad_floor_pattern_2
D:13:     erik_vaults_1, kennysheep_generic_room_6

Skill      XL: |  1  2  3  4  5  6  7  8  9 10 11 |
---------------+----------------------------------+-----
Maces & Flails | 5 6 7 8 9 11 13 15 16 | 16.0
Dodging        | 3 4 5 6 7 8 |  8.5
Fighting       | 5 6 8 9 11 | 11.7

Action                   |  1- 3 |  4- 6 |  7- 9 | 10-12 || total
-------------------------+-------+-------+-------+-------++-------
Melee: Mace              |    49 |    10 |       |       ||    59
       Morningstar       |       |    64 |   281 |   273 ||   618
       Kick              |       |       |    89 |    50 ||   139
       Giant spiked club |       |       |       |     6 ||     6
Invok: Berserk           |     1 |     4 |     6 |     8 ||    19
Evoke: Wand              |       |       |     1 |       ||     1
  Use: Scroll            |       |       |     6 |     8 ||    14
 Stab: Sleeping          |     1 |       |       |     1 ||     2
  Eat: Chunk             |       |     6 |    21 |    16 ||    43
       Beef jerky        |       |       |     1 |       ||     1
       Bread ration      |       |       |       |     1 ||     1
Armor: Animal skin       |    10 |    11 |    21 |    30 ||    72
Dodge: Dodged            |    15 |    30 |   152 |   103 ||   300
